PIO (24 & UNDER)
JASPER COUGARS @ SURREY SINNERS
09/19/2023
 
TOP OF THE 1ST
Jasper Cougars batting - Pitching for Surrey Sinners : LHP Ron Cummins
Pitching: LHP Ron Cummins
Batting: RHB Greg King 0-0: Called Strike
0-1: TRIPLE (Flyball, 8RM)
Batting: RHB Dan Hooper 0-0: Ball
1-0: Foul Ball, location: 2F
1-1: Ball
2-1: Swinging Strike
2-2: Ball
3-2: Hit by Pitch
Batting: LHB Enrique Valentín 0-0: SINGLE (Line Drive, 8LS)
Greg King scores
Dan Hooper to second
Batting: SHB Ron Edwards 0-0: Foul Ball, location: 2F
0-1: Foul Ball, location: 2F
0-2: Ball
Wild Pitch!
Dan Hooper to third
Enrique Valentín to second
1-2: Foul Ball, location: 2F
1-2: Foul Ball, location: 2F
1-2: Ball
2-2: Fly out, F8 (Line Drive, 8LS)
Batting: RHB Manuel Pérez 0-0: Ball
1-0: Ground out 6-3 (Groundball, 6)
Dan Hooper scores
Enrique Valentín to third
Batting: RHB Juan Carlos 0-0: Ball
1-0: Ball
2-0: Ball
3-0: Base on Balls
Batting: LHB Pepe Vázquez 0-0: Fielders Choice at 2nd, 6-4 (Groundball, 6)
Top of the 1st over - 2 run(s), 2 hit(s), 0 error(s), 1 left on base; Jasper 2 - Surrey 0
BOTTOM OF THE 1ST
Surrey Sinners batting - Pitching for Jasper Cougars : RHP Dae-ho Kim
Pitching: RHP Dae-ho Kim
Batting: RHB Dave Anderson 0-0: Swinging Strike
0-1: Called Strike
0-2: Strikes out looking
Batting: RHB Nick Mairs 0-0: Ball
1-0: Swinging Strike
1-1: Swinging Strike
1-2: Strikes out swinging
Batting: RHB Víctor Arredondo 0-0: Ball
1-0: Called Strike
1-1: Swinging Strike
1-2: Foul Ball, location: 2F
1-2: Fly out, F7 (Line Drive, 78S)
Bottom of the 1st over - 0 run(s), 0 hit(s), 0 error(s), 0 left on base; Jasper 2 - Surrey 0
TOP OF THE 2ND
Jasper Cougars batting - Pitching for Surrey Sinners : LHP Ron Cummins
Batting: RHB José Ortega 0-0: Ball
1-0: Foul Ball, location: 2F
1-1: Fly out, F9 (Line Drive, 89M)
Batting: RHB Joe Baker 0-0: Ball
1-0: Ball
2-0: Called Strike
2-1: Fly out, F6 (Line Drive, 6M)
Batting: RHB Greg King 0-0: Ground out 6-3 (Groundball, 6)
Top of the 2nd over - 0 run(s), 0 hit(s), 0 error(s), 0 left on base; Jasper 2 - Surrey 0
BOTTOM OF THE 2ND
Surrey Sinners batting - Pitching for Jasper Cougars : RHP Dae-ho Kim
Batting: RHB Armando Pagán 0-0: Ball
1-0: Called Strike
1-1: Ball
2-1: Swinging Strike
2-2: Ball
3-2: Base on Balls
Batting: LHB Alan Olson 0-0: Ball
1-0: Called Strike
1-1: Foul Ball, location: 2F
1-2: Fielders Choice at 2nd, 3-6 (Groundball, 3)
Batting: RHB Horace Johnson 0-0: Ball
1-0: Ball
2-0: Ball
3-0: Base on Balls
Alan Olson to second
Batting: RHB Ángel Barker 0-0: Ball
Alan Olson steals 3rd base
Horace Johnson to second
1-0: Ball
2-0: Foul Ball, location: 2F
2-1: SINGLE (Line Drive, 56)
Alan Olson scores
Horace Johnson to third
Batting: RHB Ryan Parrish 0-0: Foul Ball, location: 2F
0-1: Foul Ball, location: 2F
0-2: Ball
1-2: Ball
2-2: 3-RUN HOME RUN (Flyball, 7LD), Distance : 359 ft
Batting: RHB Brett Murphy 0-0: Called Strike
0-1: Swinging Strike
0-2: Ball
1-2: Strikes out swinging
Batting: RHB Dave Anderson 0-0: Foul Ball, location: 2F
0-1: Called Strike
0-2: Ball
1-2: Foul Ball, location: 2F
1-2: Ground out 5-3 (Groundball, 56S)
Bottom of the 2nd over - 4 run(s), 2 hit(s), 0 error(s), 0 left on base; Jasper 2 - Surrey 4
TOP OF THE 3RD
Jasper Cougars batting - Pitching for Surrey Sinners : LHP Ron Cummins
Batting: RHB Dan Hooper 0-0: Foul Ball, location: 2F
0-1: Ball
1-1: Called Strike
1-2: Ball
2-2: Strikes out swinging
Batting: LHB Enrique Valentín 0-0: Ball
1-0: Ground out 1-3 (Groundball, 13S)
Batting: SHB Ron Edwards 0-0: Called Strike
0-1: Foul Ball, location: 2F
0-2: Ball
1-2: Strikes out looking
Top of the 3rd over - 0 run(s), 0 hit(s), 0 error(s), 0 left on base; Jasper 2 - Surrey 4
BOTTOM OF THE 3RD
Surrey Sinners batting - Pitching for Jasper Cougars : RHP Dae-ho Kim
Batting: RHB Nick Mairs 0-0: Fly out, F8 (Flyball, 8LM)
Batting: RHB Víctor Arredondo 0-0: Swinging Strike
0-1: Ball
1-1: Foul Ball, location: 2F
1-2: Foul Ball, location: 2F
1-2: Foul Ball, location: 2F
1-2: Ball
2-2: Ball
3-2: Fly out, F5 (Line Drive, 5)
Batting: RHB Armando Pagán 0-0: Called Strike
0-1: Fly out, F8 (Flyball, 8LS)
Bottom of the 3rd over - 0 run(s), 0 hit(s), 0 error(s), 0 left on base; Jasper 2 - Surrey 4
TOP OF THE 4TH
Jasper Cougars batting - Pitching for Surrey Sinners : LHP Ron Cummins
Batting: RHB Manuel Pérez 0-0: Ground out 6-3 (Groundball, 6)
Batting: RHB Juan Carlos 0-0: Ball
1-0: DOUBLE (Flyball, 8RS)
Batting: LHB Pepe Vázquez 0-0: Ground out 3-1 (Groundball, 34)
Juan Carlos to third
Batting: RHB José Ortega 0-0: Called Strike
0-1: Foul Ball, location: 2F
0-2: Fly out, F3 (Popup, 3DF)
Top of the 4th over - 0 run(s), 1 hit(s), 0 error(s), 1 left on base; Jasper 2 - Surrey 4
BOTTOM OF THE 4TH
Surrey Sinners batting - Pitching for Jasper Cougars : RHP Dae-ho Kim
Batting: LHB Alan Olson 0-0: Ball
1-0: Called Strike
1-1: Foul Ball, location: 2F
1-2: Ball
2-2: Ball
3-2: Base on Balls
Batting: RHB Horace Johnson 0-0: Ball
1-0: Foul Ball, location: 2F
1-1: Swinging Strike
1-2: Ball
2-2: Strikes out swinging
Batting: RHB Ángel Barker 0-0: Ball
1-0: Grounds into double play, 6-4-3 (Groundball, 6)
Bottom of the 4th over - 0 run(s), 0 hit(s), 0 error(s), 0 left on base; Jasper 2 - Surrey 4
TOP OF THE 5TH
Jasper Cougars batting - Pitching for Surrey Sinners : LHP Ron Cummins
Batting: RHB Joe Baker 0-0: Ball
1-0: Swinging Strike
1-1: Swinging Strike
1-2: Strikes out looking
Batting: RHB Greg King 0-0: Ball
1-0: Called Strike
1-1: Swinging Strike
1-2: Ball
2-2: Strikes out looking
Batting: RHB Dan Hooper 0-0: Ball
1-0: Foul Ball, location: 2F
1-1: Ball
2-1: Foul Ball, location: 2F
2-2: Strikes out looking
Top of the 5th over - 0 run(s), 0 hit(s), 0 error(s), 0 left on base; Jasper 2 - Surrey 4
BOTTOM OF THE 5TH
Surrey Sinners batting - Pitching for Jasper Cougars : RHP Dae-ho Kim
Batting: RHB Ryan Parrish 0-0: Ball
1-0: Swinging Strike
1-1: Ball
2-1: Ball
3-1: Base on Balls
Batting: RHB Brett Murphy 0-0: Ball
1-0: Ball
2-0: Fly out, F9 (Flyball, 89M)
Batting: RHB Dave Anderson 0-0: Ball
1-0: Foul Ball, location: 2F
1-1: Ball
2-1: Foul Ball, location: 2F
2-2: Fly out, F9 (Line Drive, 89D)
Batting: RHB Nick Mairs 0-0: Called Strike
0-1: Ball
1-1: Fielders Choice at 2nd, 5-4 (Groundball, 5)
Bottom of the 5th over - 0 run(s), 0 hit(s), 0 error(s), 0 left on base; Jasper 2 - Surrey 4
TOP OF THE 6TH
Jasper Cougars batting - Pitching for Surrey Sinners : LHP Ron Cummins
Batting: LHB Enrique Valentín 0-0: Ball
1-0: Ball
2-0: Foul Ball, location: 2F
2-1: SINGLE (Line Drive, 9LS)
Batting: SHB Ron Edwards 0-0: Called Strike
0-1: Ball
1-1: Ball
Throwing error on steal attempt, E2
Enrique Valentín to third
2-1: Ball
3-1: Base on Balls
Batting: RHB Manuel Pérez 0-0: Fly out, F7 (Flyball, 7S)
Batting: RHB Juan Carlos 0-0: Swinging Strike
0-1: Ball
1-1: Foul Ball, location: 2F
1-2: Strikes out looking
Batting: LHB Pepe Vázquez 0-0: Called Strike
0-1: Ball
1-1: Fly out, F9 (Line Drive, 9LS)
Top of the 6th over - 0 run(s), 1 hit(s), 1 error(s), 2 left on base; Jasper 2 - Surrey 4
BOTTOM OF THE 6TH
Surrey Sinners batting - Pitching for Jasper Cougars : RHP Dae-ho Kim
Batting: RHB Víctor Arredondo 0-0: Ball
1-0: Ball
2-0: Ball
3-0: Base on Balls
Pitching: RHP José Orozco
Batting: RHB Armando Pagán 0-0: Grounds into double play, 5-4-3 (Groundball, 56)
Batting: LHB Alan Olson 0-0: SINGLE (Line Drive, 89S)
Batting: RHB Horace Johnson 0-0: Ball
1-0: Called Strike
1-1: Ball
2-1: Ball
3-1: Foul Ball, location: 2F
3-2: TRIPLE (Line Drive, 9LS)
Alan Olson scores
Batting: RHB Ángel Barker 0-0: Ball
1-0: Ball
2-0: Ball
3-0: Base on Balls
Batting: RHB Ryan Parrish 0-0: Called Strike
0-1: Ball
1-1: Ball
2-1: Called Strike
2-2: Ball
3-2: Foul Ball, location: 2F
3-2: Foul Ball, location: 2F
3-2: Strikes out looking
Bottom of the 6th over - 1 run(s), 2 hit(s), 0 error(s), 2 left on base; Jasper 2 - Surrey 5
TOP OF THE 7TH
Jasper Cougars batting - Pitching for Surrey Sinners : LHP Ron Cummins
Batting: RHB José Ortega 0-0: Ball
1-0: Foul Ball, location: 2F
1-1: Ball
2-1: Ball
3-1: Ground out 5-3 (Groundball, 5)
Pitching: RHP Juan Fonseca
Batting: RHB Joe Baker 0-0: Foul Ball, location: 2F
0-1: Reached on error, E2 (Groundball, 2L)
Batting: RHB Greg King 0-0: Called Strike
0-1: Ball
1-1: Ball
2-1: SINGLE (Line Drive, 5D)
Joe Baker to second
Batting: RHB Dan Hooper 0-0: Called Strike
0-1: Ball
1-1: Foul Ball, location: 2F
1-2: Strikes out swinging
Batting: LHB Enrique Valentín 0-0: Ball
1-0: Swinging Strike
1-1: Ball
2-1: Ball
3-1: Base on Balls
Joe Baker to third
Greg King to second
Batting: SHB Ron Edwards 0-0: Swinging Strike
0-1: Ground out 4-3 (Groundball, 4)
Top of the 7th over - 0 run(s), 1 hit(s), 1 error(s), 3 left on base; Jasper 2 - Surrey 5
BOTTOM OF THE 7TH
Surrey Sinners batting - Pitching for Jasper Cougars : RHP José Orozco
Batting: RHB Brett Murphy 0-0: Called Strike
0-1: Called Strike
0-2: Foul Ball, location: 2F
0-2: Strikes out swinging
Batting: RHB Dave Anderson 0-0: Foul Ball, location: 2F
0-1: TRIPLE (Line Drive, 7LS)
Batting: RHB Nick Mairs 0-0: Called Strike
0-1: Swinging Strike
0-2: Ball
1-2: Strikes out swinging
Batting: RHB Víctor Arredondo 0-0: Foul Ball, location: 2F
0-1: Foul Ball, location: 2F
0-2: Fly out, F7 (Flyball, 78M)
Bottom of the 7th over - 0 run(s), 1 hit(s), 0 error(s), 1 left on base; Jasper 2 - Surrey 5
TOP OF THE 8TH
Jasper Cougars batting - Pitching for Surrey Sinners : RHP Juan Fonseca
Batting: RHB Manuel Pérez 0-0: Ball
1-0: Called Strike
1-1: Ball
2-1: Foul Ball, location: 2F
2-2: Fly out, F8 (Flyball, 8LM)
Batting: RHB Juan Carlos 0-0: Called Strike
0-1: Ball
1-1: Ball
2-1: Ball
3-1: Ground out 4-3 (Groundball, 4)
Batting: LHB Pepe Vázquez 0-0: Swinging Strike
0-1: Ball
1-1: Ball
2-1: Foul Ball, location: 2F
2-2: Ball
3-2: Foul Ball, location: 2F
3-2: Fly out, F7 (Flyball, 7LS)
Top of the 8th over - 0 run(s), 0 hit(s), 0 error(s), 0 left on base; Jasper 2 - Surrey 5
BOTTOM OF THE 8TH
Surrey Sinners batting - Pitching for Jasper Cougars : RHP José Orozco
Pitching: RHP Steve Snyder
Batting: RHB Armando Pagán 0-0: Called Strike
0-1: Fly out, F7 (Flyball, 7LM)
Batting: LHB Alan Olson 0-0: Called Strike
0-1: Ball
1-1: Ball
2-1: Foul Ball, location: 2F
2-2: Foul Ball, location: 2F
2-2: Foul Ball, location: 2F
2-2: Strikes out swinging
Batting: RHB Horace Johnson 0-0: SINGLE (Groundball, 34)
Batting: RHB Ángel Barker 0-0: Swinging Strike
0-1: Ground out 5-3 (Groundball, 56S)
Bottom of the 8th over - 0 run(s), 1 hit(s), 0 error(s), 1 left on base; Jasper 2 - Surrey 5
TOP OF THE 9TH
Jasper Cougars batting - Pitching for Surrey Sinners : RHP Juan Fonseca
Pitching: RHP José González
Batting: RHB José Ortega 0-0: Swinging Strike
0-1: Ball
1-1: Ball
2-1: Foul Ball, location: 2F
2-2: Ball
3-2: Strikes out swinging
Batting: RHB Joe Baker 0-0: Ball
1-0: Ball
2-0: Called Strike
2-1: Ball
3-1: Called Strike
3-2: Foul Ball, location: 2F
3-2: Base on Balls
Batting: RHB Greg King 0-0: Called Strike
0-1: Ball
1-1: Ball
2-1: Ball
3-1: Foul Ball, location: 2F
3-2: Foul Ball, location: 2F
3-2: DOUBLE (Flyball, 9LD)
Joe Baker to third
Runner from 3rd tries for Home, SAFE, throw made home
Batting: RHB Dan Hooper 0-0: Called Strike
0-1: Called Strike
0-2: Ball
1-2: Strikes out swinging
Batting: LHB Enrique Valentín 0-0: Ground out 1-3 (Groundball, 25)
Top of the 9th over - 1 run(s), 1 hit(s), 0 error(s), 1 left on base; Jasper 3 - Surrey 5
This league is powered by Out of the Park Baseball, the baseball management simulation game for PC, Mac and Linux
Wednesday, December 2nd, 2015 - OOTP Baseball 16.8 Build 38